[Event "Stay Safe Play From Home 129"]
[Site "T#645801Emanuel Laske"]
[Date "2020.05.07"]
[Round "3"]
[White "Edmatuag"]
[Black "PRW64MS"]
[Result "1-0"]
[WhiteElo "1594"]
[BlackElo "1482"]
[Annotator "NA"]
[PlyCount "53"]
[EventDate "2020.05.07"]
[EventType "swiss (blitz)"]
[TimeControl "60"]

1. e4 c5 2. Nf3 Nc6 3. Bc4 e6 4. O-O d5 5. exd5 exd5 6. Bb5 Nf6 7. Re1+ Be7 8. Qe2 Be6 9. Ng5 Qd7 10. Nxe6 Qxe6 11. Qxe6 fxe6 12. Rxe6 Kd7 13. Re1 Bd6 14. Nc3 a6 15. Bxc6+ bxc6 16. d3 Ng4 17. g3 Rhf8 18. Bg5 Nxf2 19. Be3 Nh3+ 20. Kg2 Rf6 21. Kxh3 Raf8 22. Rg1 h5 23. Ne2 d4 24. Bf4 Bxf4 25. Nxf4 g5 26. Nxh5 Rh6 27. g4 {[%emt 0:00:01] Zeit (Lag: Av=1.00s, max=8.7s)} 1-0